 Dungeon Sprint DCSS version 0.22.1-1-ga44c0e56f4 (webtiles) character file.

38 KleinerIrrer the Insei (level 3, -7/24 HPs)
             Began as an Octopode Gladiator on Nov 2, 2018.
             Mangled by a water elemental (18 damage)
             ... in the Dungeon (Sprint III: "The Ten Rune Challenge").
             The game lasted 00:01:09 (449 turns).

KleinerIrrer the Insei (Octopode Gladiator)          Turns: 449, Time: 00:01:10

Health: -7/24      AC:  1    Str: 13    XL:     3   Next: 43%
Magic:  3/3        EV: 14    Int: 10    God:
Gold:   27         SH:  0    Dex: 14    Spells: 2/2 levels left

rFire    . . .     SeeInvis .     - Unarmed
rCold    . . .     Gourm    .   (no shield)
rNeg     . . .     Faith    .   a - +0 hat
rPois    .         Spirit   .   (no amulet)
rElec    .         Reflect  .   (no ring)
rCorr    .         Harm     .   (no ring)
MR       .....     NoTele   +   (no ring)
Stlth    ++........             (no ring)
HPRegen  0.08/turn              (no ring)
MPRegen  0.08/turn              (no ring)
                                (no ring)
                                (no ring)

@: no status effects
A: almost no armour, stealthy swim, amphibious, 8 rings, constrict 8, camouflage
1, gelatinous body 1
a: no special abilities


You were in the Dungeon.
You were not hungry.

You visited 1 branch You collected 27 gold pieces.

Inventory:

Missiles
 b - 3 throwing nets (quivered)
Armour
 a - a +0 hat (worn)
Scrolls
 i - a scroll of blinking
 l - 3 scrolls of holy word {unknown}
 m - 3 scrolls of identify
 n - a scroll of magic mapping {unknown}
 o - a scroll of torment {unknown}
 p - a scroll of remove curse {unknown}
Potions
 d - 2 potions of curing
 e - a potion of heal wounds
 f - a potion of haste
 g - 3 potions of magic
 h - a potion of berserk rage
 k - 4 potions of mutation {unknown}
 q - 2 potions of flight
Comestibles
 c - 3 rations
 j - 3 chunks of flesh


   Skills:
 - Level 2.0 Fighting
 - Level 2.0 Throwing
 - Level 3.1 Dodging
 + Level 7.0 Unarmed Combat


You had 2 spell levels left.
You didn't know any spells.
Your spell library was empty.

Dungeon Overview and Level Annotations

Branches:
Dungeon (1/1)

Altars:


Innate Abilities, Weirdness & Mutations

You cannot wear most types of armour.
You are very stealthy in the water. (Stealth+)
You are amphibious.
You can wear up to eight rings at the same time.
You can use your tentacles to constrict eight enemies at once.
Your skin changes colour to match your surroundings (Stealth+).
Your rubbery body absorbs attacks. (AC +1, EV +1)


Message History

m - 3 scrolls of identify (gained 1);
p - a scroll labeled XAONETAALI
c - 3 rations (gained 1);
k - 4 viscous inky potions (gained 1)
q - 2 potions of flight You now have 27 gold pieces (gained 11).
Okay, then.
There is an open door here.
You open the door.
A water elemental comes into view.
The water elemental moves out of view.
The water elemental is too close now for your liking.
You bludgeon the water elemental! You squeeze the water elemental!
The water elemental is severely damaged.
The water elemental barely misses you.
You tentacle-slap the water elemental.
The water elemental is severely damaged.
The water elemental hits you!
Ouch! That really hurt!
The water elemental hits you!!
Ouch! That really hurt!
You die...

▓▓▓▓▓▓▓▓▓▓ ▓▓▓
<.#..'...♣♣♣ ♣.#
..#..#..÷..♣ ♣.#
#'####.....♣♣ ♣.#
.....#....≈.♣♣♣♣.###+#+#
.....#...≈≈♣♣..♣.#......
....)#..≈≈≈≈♣♣.♣.E.⌠....
####'#..≈≈≈≈≈≈♣♣@#...###
.....#.≈≈≈≈≈≈....# ⌠.#
.÷...#.≈≈≈≈≈.....# .#
.....#.≈≈≈.......# #
'#####...........#
.................#
▓▓▓▓▓▓▓▓▓▓▓▓▓▓▓▓▓▓


You could see a water elemental.

Vanquished Creatures
  A human (D)
  A wolf (D)
  An ooze (D)
  3 rats (D)
6 creatures vanquished.

Vanquished Creatures (others)
  2 draconian scorchers (D)
  6 hellions (D)
  A yaktaur (D)
9 creatures vanquished.

Grand Total: 15 creatures vanquished

Notes
Turn   | Place    | Note
-------+----------+-------------------------------------------
     0 | D        | KleinerIrrer the Octopode Gladiator began the quest for the
                  | Orb.
     0 | D        | Reached XP level 1. HP: 14/14 MP: 1/1
    17 | D        | Reached skill level 4 in Unarmed Combat
    58 | D        | Reached skill level 6 in Unarmed Combat
    58 | D        | Reached XP level 2. HP: 1/19 MP: 2/2
    58 | D        | Reached XP level 3. HP: 2/24 MP: 3/3
    92 | D        | Killed a hellion
    92 | D        | Killed a hellion
    92 | D        | Killed a hellion
    93 | D        | Killed a hellion
    94 | D        | Killed a hellion
    94 | D        | Killed a hellion
   118 | D        | Killed a yaktaur
   135 | D        | Killed a white draconian scorcher
   282 | D        | Killed a white draconian scorcher
   345 | D        | Reached skill level 7 in Unarmed Combat
   445 | D        | Noticed a water elemental
   449 | D        | Mangled by a water elemental

Skill      XL: |  1  2  3 |
---------------+----------+-----
Unarmed Combat | 6 7 |  7.0
Fighting       | |  2.0
Throwing       | |  2.0
Dodging        | |  3.1

Action                   || total
-------------------------++-------
Melee: Unarmed           ||    18
       Tentacles         ||     4
       Constrict         ||     2
 Stab: Sleeping          ||     3
Dodge: Dodged            ||     9
